 Dungeon Crawl Stone Soup version 0.28.0-53-g5a82cb258f (webtiles) character file.

Game seed: 7400121050504796858

506 safid the Cleaver (level 7, 0/59 HPs)
             Began as a Hill Orc Fighter on Aug 20, 2022.
             Slain by a killer bee (4 damage)
             ... on level 4 of the Dungeon.
             The game lasted 00:03:25 (3215 turns).

safid the Cleaver (Hill Orc Fighter)                Turns: 3215, Time: 00:03:25

Health: 0/59       AC: 11    Str: 21    XL:     7   Next: 18%
Magic:  7/7        EV:  5    Int:  8    God:
Gold:   103        SH:  4    Dex: 10    Spells: 6/6 levels left

rFire   . . .      SeeInvis .   a - +0 war axe
rCold   . . .      Faith    .   c - +0 buckler
rNeg    . . .      Spirit   .   q - +0 plate armour
rPois   .          Reflect  .   (no helmet)
rElec   .          Harm     .   (no cloak)
rCorr   .          Rampage  .   (no gloves)
Will    .....                   (no boots)
Stlth   ..........              (no amulet)
HPRegen 0.19/turn               (no ring)
MPRegen 0.10/turn               (no ring)

@: mighty, lethally poisoned (0 -> -9)
A: no striking features
a: no special abilities


You were on level 4 of the Dungeon.
You visited 1 branch of the dungeon, and saw 4 of its levels.

You collected 145 gold pieces.
You spent 42 gold pieces at shops.

Inventory:

Hand Weapons
 a - a +0 war axe (weapon)
Missiles
 i - 2 poisoned darts (quivered)
 o - 4 silver boomerangs
Armour
 c - a +0 buckler (worn)
 q - a +0 plate armour (worn)
Scrolls
 f - 4 scrolls of identify
 m - a scroll of holy word {unknown}
 n - a scroll of amnesia {unknown}
Potions
 b - a potion of mutation {unknown}
 e - a potion of brilliance {unknown}
 h - a potion of ambrosia {unknown}
 l - 2 potions of berserk rage {unknown}
 p - a potion of resistance {unknown}


   Skills:
 - Level 4.0 Fighting
 + Level 9.1 Axes
 - Level 4.0 Armour
 - Level 4.0 Shields


You had 6 spell levels left.
You didn't know any spells.
Your spell library contained the following spells:

 Spells                   Type           Power      Damage    Failure   Level
 Corpse Rot               Necr/Air       0%         N/A       100%        2
 Poisonous Vapours        Pois/Air       0%         N/A       100%        2


Dungeon Overview and Level Annotations

Branches:
Dungeon (4/15)
 Temple: D:4-7

Altars:

Shops:
D:1 ?   D:4 *


Message History

You block the killer bee's attack.
The killer bee stings you but does no damage.
Unknown command.
You barely miss the killer bee.
The killer bee is almost dead.
You miss the killer bee.
The killer bee stings you but does no damage.
The killer bee barely misses you.
The killer bee stings you but does no damage. x2
Unknown command.
You closely miss the killer bee. x2; The killer bee stings you.
* * * LOW HITPOINT WARNING * * *
You are poisoned.
The killer bee poisons you! You block the killer bee's attack.
The killer bee stings you.
* * * LOW HITPOINT WARNING * * *
You are lethally poisoned!
The killer bee poisons you! The killer bee barely misses you.
You feel better. The killer bee stings you.
* * * LOW HITPOINT WARNING * * *
The killer bee stings you.
* * * LOW HITPOINT WARNING * * *
You block the killer bee's attack. The killer bee completely misses you.
You barely miss the killer bee.
The killer bee is almost dead.
You slash the killer bee! You block the killer bee's attack.
The killer bee stings you but does no damage.
The killer bee barely misses you.
The killer bee stings you but does no damage.
The killer bee stings you.
* * * LOW HITPOINT WARNING * * *
You miss the killer bee.
The killer bee is almost dead.
You closely miss the killer bee. The killer bee stings you.
* * * LOW HITPOINT WARNING * * *
You are lethally poisoned!
The killer bee poisons you! The killer bee barely misses you.
The killer bee stings you but does no damage.
The killer bee stings you.
You die...

### #..
#.########
#.yyy.....
#.@# #..#
#..# #..#
#..# #..#
##..###
###
#...+.#
#.+
#.###.#+#
#+#.####


You could see 3 killer bees.

Vanquished Creatures
  Grinder (D:4)
  An ogre (D:4)
  A water moccasin skeleton (D:4)
  A killer bee (D:4)
  2 orc wizards (D:3)
  3 adders (D:2)
  3 worms
  A dart slug (D:2)
  3 orcs (D:3)
  6 endoplasms
  2 giant cockroaches
  3 goblins
  A hobgoblin (D:1)
  3 quokkas
  8 ball pythons
  4 bats
  2 frilled lizards
  3 kobolds
  5 rats
53 creatures vanquished.

Vanquished Creatures (others)
  A fungus (D:2)
  13 plants (D:2)
14 creatures vanquished.

Grand Total: 67 creatures vanquished

Notes
Turn   | Place    | Note
-------+----------+-------------------------------------------
     0 | D:1      | safid the Hill Orc Fighter began the quest for the Orb.
     0 | D:1      | Reached XP level 1. HP: 19/19 MP: 1/1
     2 | D:1      | Found Leaz's Magic Scroll Boutique.
   292 | D:1      | Reached XP level 2. HP: 22/27 MP: 2/2
   407 | D:1      | Bought a scroll of identify for 28 gold pieces
   407 | D:1      | Bought a scroll of noise for 14 gold pieces
   429 | D:1      | Reached skill level 3 in Axes
   625 | D:2      | Reached XP level 3. HP: 22/33 MP: 3/3
  1313 | D:2      | Found a faded altar of an unknown god.
  1460 | D:2      | Reached XP level 4. HP: 36/40 MP: 4/4
  1800 | D:3      | Reached skill level 4 in Axes
  1930 | D:3      | Reached skill level 5 in Axes
  1930 | D:3      | Reached XP level 5. HP: 33/46 MP: 5/5
  2445 | D:4      | Found Slimeug's Superlative Supplies.
  2501 | D:4      | Reached skill level 6 in Axes
  2508 | D:4      | Noticed Grinder
  2511 | D:4      | Paralysed by Grinder for 2 turns
  2521 | D:4      | Killed Grinder
  2522 | D:4      | Reached skill level 8 in Axes
  2522 | D:4      | Reached XP level 6. HP: 36/52 MP: 6/6
  2644 | D:4      | Reached XP level 7. HP: 4/59 MP: 7/7
  3210 | D:4      | Reached skill level 9 in Axes
  3215 | D:4      | Slain by a killer bee

Illustrated notes

Levels and vault maps discovered:
D:1:      dpeg_arrival_windows_large_door, layout_rooms, serial_shops,
          nicolae_shop_waterfront, serial_forest, infiniplex_forest_clump_tiny,
          infiniplex_forest_3_way, infiniplex_forest_lined_corner,
          infiniplex_forest_pool, infiniplex_forest_straight_3,
          infiniplex_forest_clump_medium, infiniplex_forest_lined_2
D:2:      layout_loops_ring, shapermc_ecumenical_altar_hornbeckon,
          chequers_serial_rivers_micro_d, minmay_cut_off
D:3:      layout_loops_ring, nicolae_concentric_dashed_squares_mild
D:4:      nicolae_cairo_tiling_large, layout_basic, nicolae_alphabet_shops,
          uniq_sigmund, uniq_grinder

Skill      XL: |  1  2  3  4  5  6  7 |
---------------+----------------------+-----
Axes           | 3 5 8 9 |  9.1
Fighting       | 4 |  4.0
Armour         | 4 |  4.0
Shields        | 4 |  4.0

Action                   |  1- 3 |  4- 6 |  7- 9 || total
-------------------------+-------+-------+-------++-------
Melee: War axe           |    89 |    77 |    18 ||   184
  Use: Potion            |       |       |     4 ||     4
Armor: Scale mail        |    20 |       |       ||    20
       Chain mail        |    23 |     5 |       ||    28
       Plate armour      |       |    54 |    32 ||    86
Dodge: Dodged            |    41 |    14 |    12 ||    67
Block: Buckler           |    19 |     9 |    15 ||    43
